 Dungeon Crawl Stone Soup version 0.28-a0-447-g1f95980246 (webtiles) character file.

Game seed: 13301016333884476336

65 avis the Ruffian (level 4, 0/39 HPs)
             Began as a Naga Transmuter on Sept 12, 2021.
             Slain by a gnoll (8 damage)
             ... on level 2 of the Dungeon.
             The game lasted 00:11:16 (1908 turns).

avis the Ruffian (Naga Transmuter)                  Turns: 1908, Time: 00:11:17

Health: 0/39       AC:  2    Str: 13    XL:     4   Next: 14%
Magic:  0/7        EV: 18    Int: 14    God:
Gold:   20         SH:  0    Dex: 16    Spells: 3/7 levels left

rFire   . . .      SeeInvis +     - Unarmed
rCold   . . .      Faith    .   (shield currently unavailable)
rNeg    . . .      Spirit   .   (armour currently unavailable)
rPois   x          Reflect  .   (helmet currently unavailable)
rElec   .          Harm     .   (cloak currently unavailable)
rCorr   .          Rampage  .   (gloves currently unavailable)
Will    .....                   (no barding)
Stlth   ++........              (no amulet)
HPRegen 0.13/turn               (no ring)
MPRegen 0.10/turn               (no ring)

@: spider-form (expiring)
A: venomous fangs, AC +1, tiny, see invisible, (deformed body), (poison
resistance), (slowness 2), spit poison 1, (naga tail 1)
a: Spit Poison, End Transformation


You were on level 2 of the Dungeon.
You were a venomous arachnid creature.
You visited 1 branch of the dungeon, and saw 2 of its levels.

You collected 20 gold pieces.

Inventory:

Hand Weapons
 c - a +0 whip (melded)
 g - a +0 dagger
Missiles
 b - 19 bolts
 f - 45 stones
Armour
 a - a +0 robe (melded)
Scrolls
 d - a scroll of vulnerability {unknown}
 e - a scroll of identify {unknown}


   Skills:
 - Level 2.0 Fighting
 - Level 1.5 Dodging
 - Level 2.0 Stealth
 - Level 3.0 Unarmed Combat
 - Level 2.0 Spellcasting
 * Level 2.6 Transmutations
 - Level 3.0 Poison Magic


You had 3 spell levels left.
You knew the following spells:

 Your Spells              Type           Power      Damage    Failure   Level
a - Beastly Appendage     Tmut           16%        N/A       22%         1
p - Spider Form           Tmut/Pois      4%         N/A       43%         3

Your spell library contained the following spells:

 Spells                   Type           Power      Damage    Failure   Level
 Wereblood                Tmut           8%         N/A       28%         2
 Ice Form                 Ice/Tmut       5%         N/A       92%         4


Dungeon Overview and Level Annotations

Branches:
Dungeon (2/15)

Altars:


Innate Abilities, Weirdness & Mutations

You are a venomous arachnid creature.
You have poisonous fangs.
You are tiny and dextrous.
Your spellcasting is less reliable in this form.
Your armour is entirely melded.
You are incapable of wielding weapons or throwing items.
((Your serpentine skin is tough. (AC +1)))
You have supernaturally acute eyesight. (SInv)
((Armour fits poorly on your strangely shaped body.))
((Your system is resistant to poisons. (rPois)))
((You cover ground very slowly.))
You can spit poison.
((You have a snake-like lower body.))


Message History

You hit the gnoll.
The gnoll looks even sicker.
The gnoll is moderately wounded.
The gnoll hits you with a +0 flail!
You hit the gnoll.
The gnoll looks as sick as possible!
The gnoll is almost dead.
You kill the gnoll!
You have reached level 4!
You feel stronger.
Your transformation is almost over.
Things that are here:
a +0 flail; a gnoll corpse; a worm corpse You start resting.
A gnoll is nearby!
Your magical contamination has completely faded away.
Your transformation has ended.
Your +0 whip unmelds from your body.
Your +0 robe unmelds from your body.
The gnoll shouts!
You hear an angry hiss.
A ball python comes into view.
The gnoll barely misses you. The gnoll barely misses you.
The gnoll barely misses you.
Casting: Spider Form (quite dangerous; 22% risk of failure)
Confirm with . or Enter, or press ? or * to list all spells.
The spell is quite dangerous to cast (22% risk of failure)!
Continue anyway?
You turn into a venomous arachnid creature.
Your +0 whip melds into your body.
Your +0 robe melds into your body.
The gnoll closely misses you.
Your transformation is almost over.
The gnoll barely misses you.
You hit the gnoll.
The gnoll is poisoned.
The gnoll is heavily wounded.
The gnoll hits you with a +0 halberd.
You completely miss the gnoll.
The gnoll is heavily wounded.
The gnoll hits you with a +0 halberd!
* * * LOW HITPOINT WARNING * * *
You hit the gnoll.
The gnoll looks as sick as possible!
The gnoll is severely wounded.
The gnoll hits you with a +0 halberd!
You die...

.###.## #.##[##.#####♣..♣
.# #.# #.##.##...S....♣♣
## .# #.#
#.##.##.##P...≈≈♣♣♣ P.##
.# ...
.....##.###PS♣≈≈≈≈♣♣♣..P#
.. ..# #.#####.#
#..†≈≈≈≈≈≈....# # #.# #.#
##♣P..≈♣≈≈≈.♣.g #.# #S#
#P...g.≈Pg.#
#g######P...P...#
#.s.)....##.###.##.
########...........
.............#.##.
.###########.# ... ##...
.... ...


P.P You could see a gnoll (extremely poisoned) and a ball python.

Vanquished Creatures
  An adder (D:2)
  A gnoll (D:2)
  2 worms (D:2)
  3 dart slugs (D:2)
  3 ball pythons (D:1)
  3 endoplasms
  3 giant cockroaches
  A goblin (D:2)
  2 hobgoblins (D:1)
  3 jackals (D:1)
  4 kobolds (D:2)
  A quokka (D:2)
  2 bats (D:1)
  A frilled lizard (D:2)
  3 rats (D:2)
33 creatures vanquished.

Vanquished Creatures (others)
  22 plants (D:2)
  4 toadstools (D:1)
26 creatures vanquished.

Grand Total: 59 creatures vanquished

Notes
Turn   | Place    | Note
-------+----------+-------------------------------------------
     0 | D:1      | avis the Naga Transmuter began the quest for the Orb.
     0 | D:1      | Reached XP level 1. HP: 18/18 MP: 3/3
   508 | D:1      | Reached XP level 2. HP: 26/26 MP: 3/5
   724 | D:1      | Found a faded altar of an unknown god.
   738 | D:1      | Reached skill level 1 in Stealth
   845 | D:1      | Reached skill level 1 in Poison Magic
  1332 | D:2      | Reached XP level 3. HP: 30/32 MP: 3/6
  1336 | D:2      | Learned a level 3 spell: Spider Form
  1885 | D:2      | Reached XP level 4. HP: 19/39 MP: 1/7
  1908 | D:2      | Slain by a gnoll

Illustrated notes

Levels and vault maps discovered:
D:1:      ldierk_walled_garden_2, layout_basic,
          shapermc_ecumenical_altar_ellora, serial_bayou_pond_c
D:2:      layout_loops_ring, serial_bayou, serial_bayou_pond_a,
          serial_bayou_crossing, serial_bayou_lagoon_b, serial_bayou_shore_b,
          minmay_vboxes

Skill      XL: |  1  2  3 |
---------------+----------+-----
Fighting       | 2 |  2.0
Stealth        | 1 2 |  2.0
Poison Magic   | 2 3 |  3.0
Dodging        | |  1.5
Unarmed Combat | |  3.0
Spellcasting   | |  2.0
Transmutations | |  2.6

Action                   |  1- 3 |  4- 6 || total
-------------------------+-------+-------++-------
Melee: Whip              |    36 |       ||    36
       Unarmed           |    41 |     3 ||    44
       Headbutt          |     7 |       ||     7
       Punch             |     1 |       ||     1
 Cast: Beastly Appendage |    13 |       ||    13
       Spider Form       |     6 |     1 ||     7
 Abil: Spit Poison       |     7 |       ||     7
 Stab: Sleeping          |     3 |       ||     3
Armor: Robe              |     6 |       ||     6
Dodge: Dodged            |    47 |     5 ||    52

Table legend: (Time is in decaauts)
 A = Elapsed time spent in this place.
 B = Non-inter-level travel time spent in this place.
 C = Inter-level travel time spent in this place.
 D = Time resting spent in this place.
 E = Time spent auto-exploring this place.
 F = Levels seen in this place.
 G = Mean time per level.
                   A        B        C        D        E       F      G
               +--------+--------+--------+--------+--------+-----+--------+
         Total |   2260 |   2120 |    140 |    805 |    826 |   2 | 1130.0 |
       Dungeon |   2260 |   2120 |    140 |    805 |    826 |   2 | 1130.0 |
               +--------+--------+--------+--------+--------+-----+--------+

Top non-repeatable levels by time:
     D:1: 1848 daAuts
     D:2: 411 daAuts
